 Dungeon Crawl Stone Soup version 0.23-a0-636-g0ff6057 (webtiles) character file.

59 TheGoonsmith the Magician (level 3, 0/20 HPs)
             Began as a Deep Elf Fire Elementalist on Dec 28, 2018.
             Succumbed to an adder's poison
             ... on level 2 of the Dungeon.
             The game lasted 00:01:58 (1047 turns).

TheGoonsmith the Magician (DEFE)                    Turns: 1047, Time: 00:01:59

Health: 0/20       AC:  2    Str:  7    XL:     3   Next: 78%
Magic:  0/10       EV: 13    Int: 20    God:
Gold:   63         SH:  0    Dex: 15    Spells: 8/9 levels left

rFire    . . .     SeeInvis .   d - +0 short sword
rCold    . . .     Gourm    .   (no shield)
rNeg     . . .     Faith    .   a - +0 robe
rPois    .         Spirit   .   (no helmet)
rElec    .         Reflect  .   (no cloak)
rCorr    .         Harm     .   (no gloves)
MR       +....                  (no boots)
Stlth    ++........             (no amulet)
HPRegen  0.06/turn              (no ring)
MPRegen  0.12/turn              (no ring)

@: lethally poisoned (0 -> -16), flying, very slightly contaminated
A: fangs 1, blurry vision 1, magic resistance 1, strong 1
a: no special abilities


You were on level 2 of the Dungeon.
You were not hungry.

You visited 1 branch of the dungeon, and saw 2 of its levels.

You collected 63 gold pieces.

Inventory:

Hand Weapons
 d - a +0 short sword (weapon)
Armour
 a - a +0 robe (worn)
Scrolls
 f - a scroll of identify {unknown}
 g - a scroll of remove curse
Potions
 e - a potion of flight
Comestibles
 c - 3 rations


   Skills:
 + Level 0.8 Fighting
 + Level 3.0 Dodging
 + Level 3.1 Stealth
 + Level 3.6 Spellcasting
 + Level 1.9 Conjurations
 + Level 3.6 Fire Magic


You had 8 spell levels left.
You knew the following spells:

 Your Spells              Type           Power        Failure   Level  Hunger
a - Flame Tongue          Conj/Fire      ##...        4%          1    None

Your spell library contained the following spells:

 Spells                   Type           Power        Failure   Level  Hunger
 Throw Flame              Conj/Fire      ##....       6%          2    ##.....
 Conjure Flame            Conj/Fire      ##......     13%         3    ###....
 Inner Flame              Hex/Fire       ##......     19%         3    ###....
 Sticky Flame             Conj/Fire      ##......     38%         4    ####...
 Fireball                 Conj/Fire      ##........   75%         5    ######.


Dungeon Overview and Level Annotations

Branches:
Dungeon (2/15)

Altars:


Innate Abilities, Weirdness & Mutations

You have very sharp teeth.
Scrolls take you a little longer to read.
You are resistant to hostile enchantments. (MR+)
Your muscles are strong. (Str +2)


Message History

You feel very buoyant.
You fly up into the air.
* * * LOW HITPOINT WARNING * * *
You feel sick. The adder closely misses you. The adder bites you.
* * * LOW HITPOINT WARNING * * *
You are more poisoned.
The adder poisons you!
Casting: Flame Tongue (safe; 4% risk of failure)
Confirm with . or Enter, or press ? or * to list all spells.
You don't have enough magic to cast that spell.
Casting: Flame Tongue (safe; 4% risk of failure)
Confirm with . or Enter, or press ? or * to list all spells.
You don't have enough magic to cast that spell.
You closely miss the adder.
The adder is almost dead.
* * * LOW HITPOINT WARNING * * *
You feel sick. The adder completely misses you.
You hit the adder but do no damage.
The adder is almost dead.
You die...

#####..#####
#...<........
#.###..#.#### #.#
#....# #.# #.#### #.#
#.# ## #.# #.# #.≈
#.# #.# ..≈. #@# .#
#.≈..########S###.#
##.)............#
#..................
#.........?...######.
#...########..# ...
#..# # #..# #...


You could see an adder.

Vanquished Creatures
  An adder (D:2)
  2 dart slugs (D:1)
  A leopard gecko (D:1)
  6 bats
  5 giant cockroaches (D:1)
  5 goblins
  6 hobgoblins
  3 jackals (D:1)
  2 frilled lizards (D:1)
  3 kobolds
  4 rats (D:1)
38 creatures vanquished.

Notes
Turn   | Place    | Note
-------+----------+-------------------------------------------
     0 | D:1      | TheGoonsmith the Deep Elf Fire Elementalist began the quest
                  | for the Orb.
     0 | D:1      | Reached XP level 1. HP: 10/10 MP: 6/6
   172 | D:1      | Reached XP level 2. HP: 15/15 MP: 4/8
   452 | D:1      | Reached XP level 3. HP: 20/20 MP: 7/9
  1044 | D:2      | Gained mutation: You are resistant to hostile enchantments.
                  | (MR+) [potion of mutation]
  1044 | D:2      | Gained mutation: Scrolls take you a little longer to read.
                  | [potion of mutation]
  1044 | D:2      | Gained mutation: You have very sharp teeth. [potion of
                  | mutation]
  1044 | D:2      | Gained mutation: Your muscles are strong. (Str +2) [potion
                  | of mutation]
  1046 | D:2      | HP: 1/20 [poisoned by an adder]
  1047 | D:2      | Succumbed to an adder's poison

Vault maps used:
D:1:      minmay_arrival_stair_chambers, minmay_pentomino_s4
D:2:      vehumet_crystals, old_standard_altar, first_ration,
          chequers_serial_rivers_micro_b, interstate_on_off,
          minmay_misc_feat_hallway, uniq_sigmund

Skill      XL: |  1  2  3 |
---------------+----------+-----
Stealth        | 3 |  3.1
Dodging        | 3 |  3.0
Fighting       | |  0.8
Spellcasting   | |  3.6
Conjurations   | |  1.9
Fire Magic     | |  3.6

Action                   || total
-------------------------++-------
Melee: Short sword       ||    12
 Cast: Flame Tongue      ||    64
  Use: Scroll            ||     1
       Potion            ||     2
Armor: Robe              ||     6
Dodge: Dodged            ||    27

Table legend:
 A = Non-vault XP
 B = Vault XP
 C = Vault XP percentage of total XP
 D = Non-vault monster count
 E = Vault monster count
 F = Vault count percentage of total count
                 A         B        C        D         E       F
            +---------+---------+-------+---------+---------+-------
      Total |      81 |       4 |   4.7 |      35 |       3 |   7.9
            +---------+---------+-------+---------+---------+-------
        D:1 |      60 |       4 |   6.2 |      30 |       3 |   9.1
        D:2 |      21 |       0 |   0.0 |       5 |       0 |   0.0
            +---------+---------+-------+---------+---------+-------
